Mandevil, neutral female human Valkyrie ## ----- # ---------# --------- |*I..####-.......-# ----- ---------- |.>.....-##### ---- |.(.| ##|.......|# |....####*-........| |.......| ####...| |..<-####|.......|#######...(| |........| ####.....`..| ###|..| |...| #---------# |....#####-.......*| |.....--- #...| -.--- ### # |...| --------.- ##......| |..| # # --.-- [ # ------- ---- ### # # # ### # # ### ### # ## # # ) # -.---- # ### -.------# |....| # # |......|# |..`.| ################## |...*...# |..(.-##############---.--------- |......| ------ #|...........| --.----- |...........| # ------------- Mandevil the Woman-at-arms Experience level: 10 Strength: 18 Dexterity: 18 Constitution: 19 Intelligence: 7 Wisdom: 10 Charisma: 6 Health: 0(112) Energy: 26(26) Def: 13 Gold: 0 Moves: 12656 Dungeon seed: No3NEQui-MDpj7q8 Game ID: Mandevil_1433591531 Your Inventory: Amulets o - a cursed amulet of change s - an uncursed amulet versus poison Weapons a - a +1 spear (weapon in hand) H - 4 +0 dwarvish spears (in quiver) Armor n - an uncursed +1 studded leather armor (being worn) q - an uncursed +0 cloak of displacement (being worn) E - an uncursed +3 small shield (being worn) L - an uncursed +0 dwarvish iron helm (being worn) N - an uncursed +0 pair of iron shoes (being worn) Comestibles c - an uncursed gnomish wizard corpse Potions b - an uncursed potion of paralysis Rings i - an uncursed ring of free action C - an uncursed ring of teleport control T - an uncursed ring of teleport control W - an uncursed ring of free action X - an uncursed +1 ring of gain constitution (on left hand) Wands d - a wand of make invisible (0:6) f - a wand of striking (0:6) j - a wand of nothing (0:4) u - a wand of light (0:11) v - a wand of magic missile (0:5) z - a wand of create monster (0:10) D - a wand of lightning (0:4) K - a wand of teleportation (0:5) M - a wand of cold (0:6) O - a wand of striking (0:6) P - a wand of magic missile (0:5) Q - a wand of make invisible (0:5) S - a wand of magic missile (0:2) V - a blessed wand of digging (0:2) Tools h - a blessed bag of holding k - an uncursed skeleton key l - an uncursed wax candle (0:400) m - an uncursed oil lamp (0:312) t - 22 uncursed tallow candles (0:200) w - an uncursed magic whistle A - an uncursed tooled horn I - an uncursed sack R - an uncursed towel Gems g - an uncursed touchstone U - an uncursed luckstone Contents of the bag of holding: 4060 gold pieces a +0 dagger 11 +0 daggers a +0 elven dagger a cursed +2 pair of leather gloves a cursed +1 robe 10 uncursed food rations 3 cursed food rations an uncursed fortune cookie an uncursed lembas wafer 2 uncursed lichen corpses 7 uncursed tripe rations an uncursed scroll of amnesia a cursed scroll of amnesia 5 uncursed scrolls of blank paper a cursed scroll of blank paper an uncursed scroll of create monster an uncursed scroll of earth 2 uncursed scrolls of enchant armor an uncursed scroll of fire a blessed scroll of food detection a cursed scroll of food detection an uncursed scroll of gold detection 3 cursed scrolls of light a cursed scroll of magic mapping a cursed scroll of remove curse 3 uncursed scrolls of scare monster an uncursed scroll of taming 2 uncursed scrolls of teleportation an uncursed potion of blindness an uncursed potion of booze 2 uncursed potions of confusion a cursed potion of confusion a blessed potion of enlightenment a cursed potion of extra healing an uncursed potion of fruit juice a cursed potion of gain ability a cursed potion of gain energy a blessed potion of hallucination 3 cursed potions of healing 5 potions of holy water 2 uncursed potions of object detection a cursed potion of object detection an uncursed potion of oil a potion of unholy water an uncursed potion of water a cursed ring of hunger an uncursed ring of poison resistance a cursed ring of polymorph control a cursed wand of enlightenment (0:12) a wand of speed monster (0:1) a cursed magic marker (0:34) an uncursed oil lamp (0:1372) a +0 pick-axe 10 uncursed tallow candles (0:200) 3 cursed tallow candles (0:200) an uncursed tin opener 2 uncursed wax candles (0:400) 4 cursed wax candles (0:400) an uncursed wooden harp an uncursed amber stone 3 uncursed amethyst stones 2 uncursed diamonds an uncursed dilithium crystal 4 uncursed emeralds an uncursed jasper stone an uncursed opal 2 uncursed rubies 2 uncursed worthless pieces of green glass an uncursed worthless piece of orange glass 2 uncursed worthless pieces of violet glass 3 uncursed worthless pieces of yellow glass Spells known in the end: Name Level Category Fail Memory a - slow monster 2 enchantment 100% 51% Your skills at the end: Fighting Skills Weapon Skills dagger [Basic] spear [Expert] Spellcasting Skills Final Attributes: You were haltingly aligned. You were cold resistant. You were poison resistant. You were telepathic. You were displaced. You were stealthy. You could fly. You were fast. You were lucky. You had extra luck. Bad luck did not time out for you. Good luck did not time out for you. You are dead. Vanquished creatures: a ghost 2 giant mimics a large mimic 4 wargs 2 small mimics a pyrolisk a flaming sphere 2 shocking spheres a large cat a dwarf king 2 tengu an ochre jelly 2 elf mummies an incubus 2 giant beetles a cockatrice 2 lynxes a panther a gremlin a leprechaun a mountain nymph an orc-captain an iron piercer 3 giant spiders a black light a vampire bat 2 forest centaurs 3 gnome kings a dwarf mummy 2 brown puddings an owlbear 2 yetis a gold golem a werewolf a chickatrice a dog 2 dingos a housecat a dwarf lord a blue jelly 3 ravens an ape a human zombie a rope golem 2 soldier ants 3 fire ants 14 bugbears an imp a quasit a wood nymph 3 Mordor orcs an orc shaman a rock piercer a rock mole a pony a fog cloud 3 yellow lights a shrieker 2 violet fungi 19 gnome lords 7 gnomish wizards a red naga hatchling a black naga hatchling a golden naga hatchling a guardian naga hatchling a ghoul 3 straw golems 2 paper golems 3 baby crocodiles 4 giant ants a little dog 4 floating eyes 3 kittens 21 dwarves 2 homunculi 3 kobold lords a kobold shaman 4 hill orcs 12 rothes a rabid rat 2 centipedes 5 giant bats a monkey 5 dwarf zombies 2 wererats 2 iguanas 11 killer bees 2 acid blobs 4 coyotes a gas spore 9 hobbits 5 large kobolds 22 hobgoblins 5 giant rats 13 cave spiders 3 brown molds 2 green molds a red mold 57 gnomes 10 garter snakes 21 manes 2 gnome zombies 8 geckos 8 jackals 2 foxen 4 kobolds 3 goblins 5 sewer rats 3 grid bugs 6 bats 3 lichens 5 kobold zombies 8 newts 435 creatures vanquished. Genocided species: disenchanters 1 species genocided. Voluntary challenges: You had been an atheist until turn 2311. You used a wielded weapon 616 times, starting on turn 2. You read items or engraved 53 times, starting on turn 2047. You genocided 1 type of monster, starting on turn 11816. You never polymorphed an object. You never changed form. You completed Sokoban on turn 11159, according to the rules. You used no wishes. You split 1 pudding, starting on turn 6861. You wrote Elbereth's name 41 times, starting on turn 2047. You violated your moral code, losing 14 points of alignment, starting on turn 6302. Dungeon overview: The Dungeons of Doom: levels 1 to 10 Level 1 a long staircase Level 2 a general store stairs to The Gnomish Mines Level 3 Level 4 <- You were here an altar to Odin Level 5 some altars to Tyr and Loki, a fountain Level 6 a bookstore Level 7 a wand shop, a fountain Level 8 Level 9 many fountains Level 10 stairs to Sokoban The Gnomish Mines: levels 3 to 10 Level 3 stairs to The Dungeons of Doom Level 4 Level 5 Level 6 some shops, a temple to Odin, some fountains Level 7 Level 8 Level 9 Level 10 a fountain Sokoban: levels 6 to 9 Level 6 Level 7 Level 8 Level 9 stairs to The Dungeons of Doom History has recorded: On T:1 you entered the Dungeons of Doom to retrieve the Amulet of Yendor! On T:468 you reached level 2 of The Dungeons of Doom. On T:833 you reached level 1 of The Gnomish Mines. On T:836 you advanced to experience level 2. On T:842 you advanced to experience level 3. On T:933 you advanced to experience level 4. On T:1119 you reached level 2 of The Gnomish Mines. On T:1138 you advanced to experience level 5. On T:1433 you reached level 3 of The Gnomish Mines. On T:1582 you advanced to experience level 6. On T:1842 you reached level 4 of The Gnomish Mines. On T:2402 you advanced to experience level 7. On T:2508 you reached level 5 of The Gnomish Mines. On T:2876 you reached level 6 of The Gnomish Mines. On T:3552 you reached level 7 of The Gnomish Mines. On T:3562 you advanced to experience level 8. On T:3629 you reached level 8 of The Gnomish Mines. On T:5415 you reached level 3 of The Dungeons of Doom. On T:5975 you reached level 4 of The Dungeons of Doom. On T:6549 you reached level 5 of The Dungeons of Doom. On T:6909 you reached level 6 of The Dungeons of Doom. On T:7273 you reached level 7 of The Dungeons of Doom. On T:7546 you reached level 8 of The Dungeons of Doom. On T:7813 you reached level 9 of The Dungeons of Doom. On T:7916 you reached level 10 of The Dungeons of Doom. On T:7955 you advanced to experience level 9. On T:8111 you reached level 4 of Sokoban. On T:8566 you reached level 3 of Sokoban. On T:9297 you reached level 2 of Sokoban. On T:9781 you reached level 1 of Sokoban. On T:11159 you entered the Sokoban zoo. On T:12243 you advanced to experience level 10. Score breakdown: Gold: 4060 (12275 points) Experience: 10 levels (16712 points) Exploration: 10 levels ( 20.41%) (12990 points) Discoveries: 26 items ( 10.57%) ( 9753 points) Valuables value: (no points given unless you survive) Artifact value: 0 ( 0 points) Variety of kills: 113 monsters ( 29.82%) (16381 points) Time penalty: 12656 turns (-2726 points) Survival: died (score multiplied by 80%) Total score: 52308 Latest messages: You faint from lack of food. Something misses. (2x) Something hits! Something just misses! Something misses. (3x) Something hits! (6x) Something misses. Something hits! (5x) You come to. 2 gems called brown glass land on the altar. You see here 2 uncursed gems called brown glass. You faint from lack of food. Something hits! (2x) Something misses. Something hits! Something misses. Something hits! (3x) You die... Final status: Farvel Mandevil the Valkyrie, killed by a large kobold, while fainted from lack of food... You died in The Dungeons of Doom on dungeon level 4 with 52308 points, and 4060 pieces of gold, after 12656 moves. You were level 10 with a maximum of 112 hit points when you died.